 Dungeon Crawl Stone Soup version 0.28.0-62-gf88900778d (webtiles) character file.

Game seed: 12440482606421384843

730 cbfl8 the Chopper (level 7, -1/90 HPs)
             Began as a Black Draconian Berserker on June 21, 2023.
             Was a Believer of Trog.
             Splashed by a jelly's acid (8 damage)
             ... on level 5 of the Dungeon.
             The game lasted 00:07:04 (6404 turns).

cbfl8 the Chopper (Black Draconian Berserker)       Turns: 6404, Time: 00:07:04

Health: -1/90      AC: -1    Str: 19    XL:     7   Next: 44%
Magic:  7/7        EV: 13    Int: 13    God:    Trog [**....]
Gold:   143        SH:  4    Dex: 13    Spells: 6/6 levels left

rFire   + . .      SeeInvis .   a - +0 hand axe
rCold   . . .      Faith    .   f - +0 buckler
rNeg    . . .      Spirit   .   (armour unavailable)
rPois   .          Reflect  .   (helmet restricted)
rElec   +          Harm     .   q - +0 cloak
rCorr   .          Rampage  .   (no gloves)
Will    ++...                   (no boots)
Stlth   ..........              o - amulet of the acrobat
HPRegen 1.25/turn               p - ring of protection from fire
MPRegen 0.10/turn               j - +6 ring of intelligence

@: berserking, strong-willed, corroded, regenerating, very quick
A: breathe lightning, AC +6, unfitting armour, electricity resistance,
cold-blooded
a: Breathe Lightning, Renounce Religion, Berserk, Trog's Hand


You were on level 5 of the Dungeon.
You worshipped Trog.
Trog was pleased with you.
You visited 1 branch of the dungeon, and saw 5 of its levels.

You collected 143 gold pieces.

Inventory:

Hand Weapons
 a - a +0 hand axe (weapon)
Armour
 f - a +0 buckler (worn)
 q - a +0 cloak (worn)
Jewellery
 e - a ring of fire
 j - a +6 ring of intelligence (right hand)
 o - an amulet of the acrobat (around neck)
 p - a ring of protection from fire (left hand)
Scrolls
 c - a scroll of enchant weapon
 d - a scroll of magic mapping
 g - 3 scrolls of teleportation
 h - a scroll of silence
 i - 2 scrolls of noise
 k - a scroll of fog {unknown}
Potions
 b - a potion of attraction {unknown}
 l - a potion of berserk rage
 m - a potion of lignification {unknown}
 n - a potion of curing {unknown}
 r - 2 potions of mutation {unknown}
 s - a potion of degeneration {unknown}


   Skills:
 + Level 4.6 Fighting
 + Level 5.4 Axes
 + Level 4.2 Dodging
 * Level 2.8 Stealth
 + Level 1.1 Shields
 * Level 3.3 Evocations


You had 6 spell levels left.
You didn't know any spells.
Your spell library was empty.

Dungeon Overview and Level Annotations

Branches:
Dungeon (5/15)             Temple (0/1) D:4

Altars:
Trog

Shops:
D:3 =


Innate Abilities, Weirdness & Mutations

You can breathe wild blasts of lightning.
Your glossy black scales are hard. (AC +6)
You cannot fit into any form of body armour.
You are resistant to electric shocks. (rElec)
You are cold-blooded and may be slowed by cold attacks.


Message History

The jelly is severely wounded.
The jelly barely misses you.
You completely miss the jelly.
The jelly is severely wounded.
The jelly hits you. The acid corrodes you!
You are splashed with acid!
You completely miss the jelly.
The jelly is severely wounded.
The jelly closely misses you. The jelly barely misses you.
You hit the jelly but do no damage.
Your hands burn!
The jelly is severely wounded.
The jelly misses you.
You hit the jelly but do no damage.
Your hands burn!
You tail-slap the jelly.
The jelly is severely wounded.
The jelly hits you.
You are splashed with acid!
You completely miss the jelly.
The jelly is severely wounded.
The jelly misses you.
You hit the jelly but do no damage.
Your hands burn!
* * * LOW HITPOINT WARNING * * *
The jelly is severely wounded.
The jelly hits you.
* * * LOW HITPOINT WARNING * * *
You are splashed with acid!
* * * LOW HITPOINT WARNING * * *
Okay, then.
Your skin crawls.
You feel strong-willed. The jelly completely misses you.
You hit the jelly but do no damage.
Your hands burn!
* * * LOW HITPOINT WARNING * * *
The jelly is severely wounded.
The jelly hits you.
* * * LOW HITPOINT WARNING * * *
You are splashed with acid!
* * * LOW HITPOINT WARNING * * *
A red film seems to cover your vision as you go berserk!
You feel yourself moving faster!
You feel mighty! The jelly hits you.
* * * LOW HITPOINT WARNING * * *
You are splashed with acid!
You die...

....#
#.#[........##.....#####
#[#.#.#.#.##.....#
##.......##......#
###.#†###.......#
#.......#.......# .
##.#.#.#####'####..
##...##...........#
#..#..#...........#
###.@.##............
#.##J##.....########
#.#...#.....#
#.##.##.....#
#..#.#......#.
#..#.#......^...
###+##.#.#....#.#....
................#....
........#.......# ...


You could see a jelly.

Vanquished Creatures
  A phantom (D:4)
  A scorpion (D:5)
  A bullfrog zombie (D:5)
  A jelly (D:4)
  A hound (D:4)
  An orc priest (D:2)
  2 centaur skeletons
  Jessica (D:3)
  A bullfrog skeleton (D:5)
  An iguana (D:4)
  Natasha (thrice) (D:2)
  An orc wizard (D:3)
  A hound skeleton (D:5)
  A howler monkey skeleton (D:5)
  4 gnolls (D:2)
  12 adders
  An ufetubus (D:5)
  An adder skeleton (D:4)
  3 worms
  A dart slug (D:3)
  6 orcs
  3 endoplasms
  3 giant cockroaches
  3 goblins
  A hobgoblin (D:2)
  4 jackals (D:2)
  2 quokkas
  4 ball pythons
  2 bats
  3 frilled lizards
  6 kobolds
  5 rats
81 creatures vanquished.

Notes
Turn   | Place    | Note
-------+----------+-------------------------------------------
     0 | D:1      | cbfl8 the Draconian Berserker began the quest for the Orb.
     0 | D:1      | Reached XP level 1. HP: 19/19 MP: 1/1
   275 | D:1      | Found a faded altar of an unknown god.
   816 | D:2      | Reached XP level 2. HP: 24/26 MP: 2/2
  1010 | D:2      | Reached XP level 3. HP: 6/31 MP: 3/3
  1014 | D:2      | Reached XP level 4. HP: 9/40 MP: 4/4
  1288 | D:2      | Reached skill level 1 in Evocations
  1352 | D:2      | Reached skill level 1 in Stealth
  1710 | D:2      | Reached ** piety under Trog
  2400 | D:3      | Noticed Natasha
  2400 | D:3      | Noticed Jessica
  2413 | D:2      | Killed Natasha
  2414 | D:2      | Reached skill level 4 in Axes
  2414 | D:2      | Reached XP level 5. HP: 39/46 MP: 5/5
  2609 | D:2      | Noticed Natasha
  2625 | D:3      | Killed Jessica
  2645 | D:2      | Killed Natasha
  2977 | D:2      | Noticed Natasha
  3000 | D:2      | Killed Natasha
  3300 | D:2      | Reached XP level 6. HP: 15/52 MP: 6/6
  3658 | D:3      | Found Reezxiw's Jewellery Shop.
  5052 | D:4      | Found a bloodstained altar of Trog.
  5076 | D:4      | Found a staircase to the Ecumenical Temple.
  5255 | D:4      | Reached skill level 1 in Shields
  5505 | D:4      | Reached skill level 5 in Axes
  5505 | D:4      | Your scales start taking on a glossy black colour.
  5505 | D:4      | Reached XP level 7. HP: 48/60 MP: 7/7
  5505 | D:4      | Gained mutation: You are resistant to electric shocks.
                  | (rElec) [Black Draconian growth]
  5957 | D:5      | Entered Level 5 of the Dungeon
  6404 | D:5      | Splashed by a jelly's acid

Illustrated notes

Levels and vault maps discovered:
D:1:      lightli_arrival_maybe_door_vault, layout_loops_ring,
          hellmonk_ecumenical_altar_crossroads, st_stairs_14
D:2:      layout_basic
D:3:      layout_rooms, serial_shops, shop, st_stairs_11,
          kennysheep_decorative_pillar, uniq_natasha, uniq_jessica
D:4:      layout_loops_corners, general_overflow_altar,
          minmay_temple_entry_fiery
D:5:      minmay_spotlight, layout_gridville,
          mainiacjoe_overflow_small_starburst, lemuel_coloured_pillars_altar,
          lemuel_tele_altar, nicolae_gozag_seed_capital,
          mainiacjoe_overflow_chevrons, minivault_26, kennysheep_generic_room_14

Skill      XL: |  1  2  3  4  5  6  7 |
---------------+----------------------+-----
Dodging        | 3 4 |  4.2
Evocations     | 1 2 3 |  3.3
Stealth        | 1 2 |  2.8
Axes           | 4 5 |  5.4
Fighting       | 4 |  4.6
Shields        | 1 |  1.1

Action                   |  1- 3 |  4- 6 |  7- 9 || total
-------------------------+-------+-------+-------++-------
Melee: Hand axe          |    49 |   273 |    61 ||   383
       Tailslap          |       |    37 |    11 ||    48
Invok: Berserk           |     2 |     1 |     2 ||     5
       Trog's Hand       |       |     1 |     1 ||     2
  Use: Scroll            |       |     7 |       ||     7
 Stab: Sleeping          |       |     3 |     1 ||     4
       Distracted        |       |     1 |       ||     1
Armor: Skin              |     8 |    73 |    16 ||    97
Dodge: Dodged            |    46 |   165 |    49 ||   260
Block: Buckler           |     7 |    36 |     8 ||    51
